[Event "Titled Tuesday Blitz July 11 Early 2023"]
[White "ArchibaldCerveza29"]
[Black "Levine, David"]
[BlackFideId "2011611"]
[WhiteElo "2520"]
[BlackElo "2011"]
[Result "1-0"]
[Round "1"]
[TimeControl "180+2"]
[Date "2023.07.11"]
[WhiteClock "0:00:21"]
[BlackClock "0:00:00"]
[Board "226"]

1. e4 e5 2. Nf3 Nc6 3. Bc4 Nf6 4. O-O Nxe4 5. Nc3 Nxc3 6. dxc3 Be7 7. Qd5 O-O 8. Nxe5 Nxe5 9. Qxe5 Bf6 10. Qh5 c6 11. Bd3 g6 12. Qf3 d5 13. Re1 Be6 14. Bh6 Re8 15. Re2 Bg7 16. Bf4 Qd7 17. Rae1 h5 18. h3 a5 19. Be5 a4 20. Qf4 a3 21. b3 b5 22. Qd4 Bxe5 23. Rxe5 Qd6 24. R1e3 Bd7 25. Qf4 Rxe5 26. Rxe5 Be6 27. Qf6 Re8 28. Bxg6 Qe7 29. Qxe7 Rxe7 30. Bxh5 Kg7 31. f4 Kf6 32. Kf2 c5 33. Bf3 d4 34. cxd4 cxd4 35. Rxb5 Bf5 36. Rd5 Rc7 37. Bd1 Bxc2 38. Rxd4 Bxd1 39. Rxd1 Rc2+ 40. Kg3 Rxa2 41. Rd6+ Ke7 42. Ra6 f5 43. Kh4 Rxg2 44. Rxa3 1-0


[Site "https://www.chess.com"]

[Event "Titled Tuesday Blitz July 11 Early 2023"]
[White "Sava, Christiansen-Danut-Eugen"]
[Black "Haszon, David"]
[WhiteFideId "1210114"]
[BlackFideId "733610"]
[WhiteElo "1946"]
[BlackElo "2520"]
[Result "1-0"]
[Round "1"]
[TimeControl "180+2"]
[Date "2023.07.11"]
[WhiteClock "0:00:16"]
[BlackClock "0:00:09"]
[Board "227"]

1. d4 Nf6 2. c4 c5 3. d5 b5 4. cxb5 a6 5. bxa6 Bxa6 6. Nc3 g6 7. g3 Bg7 8. Bg2 d6 9. Nf3 O-O 10. O-O Qa5 11. Rb1 Nbd7 12. a4 Rfb8 13. Bd2 c4 14. Nd4 Qc5 15. Nc6 Qb6 16. Be3 Qc7 17. Nxb8 Rxb8 18. Qc2 Ng4 19. Bf4 h5 20. h3 Nge5 21. Rfc1 Qa5 22. Bd2 Qc7 23. Kh2 Nc5 24. f4 Ned7 25. Nb5 Qb6 26. Qxc4 Nxa4 27. Qxa4 Bxb5 28. Qa5 Qf2 29. Rc7 Qxe2 30. Bc3 Bd3 31. Re1 Qf2 32. Rxd7 h4 33. Bxg7 hxg3+ 34. Kh1 Kxg7 35. Qc3+ Kh7 36. Rdxe7 Be4 37. Rxf7+ Kh6 38. Qg7+ Kh5 39. Qh7# 1-0


[Site "https://www.chess.com"]

[Event "Titled Tuesday Blitz July 11 Early 2023"]
[White "feuervogel1000000"]
[Black "Skiadopoulos, Nikolaos"]
[BlackFideId "4200772"]
[WhiteElo "2519"]
[BlackElo "1914"]
[Result "1-0"]
[Round "1"]
[TimeControl "180+2"]
[Date "2023.07.11"]
[WhiteClock "0:02:14"]
[BlackClock "0:00:05"]
[Board "228"]

1. d4 Nf6 2. Nd2 d5 3. Ngf3 g6 4. e3 Bg7 5. c4 c6 6. Bd3 O-O 7. O-O dxc4 8. Nxc4 Nbd7 9. b3 b5 10. Nce5 Nxe5 11. Nxe5 Bb7 12. Ba3 Rc8 13. Rc1 a6 14. Qe2 Nd5 15. Rfd1 Bxe5 16. dxe5 Qc7 17. Qb2 b4 18. Bxb4 Nxb4 19. Bc4 e6 20. e4 Rcd8 21. a3 Rxd1+ 22. Rxd1 Rd8 23. Rxd8+ Qxd8 24. axb4 Qd1+ 25. Bf1 c5 26. bxc5 Bxe4 27. Qc3 Bc6 28. Qd3 Qxd3 29. Bxd3 a5 30. Bc4 Kf8 31. f4 Ke7 32. Kf2 f6 33. g3 g5 34. Ke3 h5 35. exf6+ Kxf6 36. fxg5+ Kxg5 37. Bxe6 h4 38. gxh4+ Kxh4 39. Kd4 a4 40. b4 a3 41. Ke5 Kg5 42. Kd6 Kf6 43. Ba2 Ba4 44. c6 1-0


[Site "https://www.chess.com"]

[Event "Titled Tuesday Blitz July 11 Early 2023"]
[White "Castillo Pena, Patricia Evarista"]
[Black "Hajiyev, Kanan"]
[WhiteFideId "6412106"]
[BlackFideId "13404148"]
[WhiteElo "1835"]
[BlackElo "2518"]
[Result "0-1"]
[Round "1"]
[TimeControl "180+2"]
[Date "2023.07.11"]
[WhiteClock "0:01:09"]
[BlackClock "0:00:52"]
[Board "229"]

1. d4 Nf6 2. Nf3 e6 3. e3 c5 4. Bd3 cxd4 5. exd4 Be7 6. O-O O-O 7. b3 d5 8. Bb2 Ne4 9. Nbd2 f5 10. Ne5 Nd7 11. c4 Nxe5 12. dxe5 Nxd2 13. Qxd2 dxc4 14. bxc4 Bd7 15. Rfd1 Bc6 16. Bf1 Qxd2 17. Rxd2 Rfd8 18. Rad1 Rxd2 19. Rxd2 Rc8 20. Bd4 b6 21. f3 Kf7 22. Kf2 g5 23. g3 Bb7 24. Be3 Ke8 25. f4 g4 26. Be2 Ba6 27. Rc2 h5 28. c5 Bxe2 29. Ke1 0-1


[Site "https://www.chess.com"]

[Event "Titled Tuesday Blitz July 11 Early 2023"]
[White "slidingknight2775"]
[Black "Navyblue1"]
[WhiteElo "2518"]
[BlackElo "1757"]
[Result "1-0"]
[Round "1"]
[TimeControl "180+2"]
[Date "2023.07.11"]
[WhiteClock "0:00:21"]
[BlackClock "0:00:00"]
[Board "230"]

1. Nf3 c5 2. g3 d5 3. Bg2 Nc6 4. d4 cxd4 5. Nxd4 Nf6 6. O-O e6 7. c4 Bc5 8. Nxc6 bxc6 9. Qc2 Be7 10. b3 O-O 11. Nc3 Bb7 12. Rd1 Qc8 13. Na4 c5 14. Ba3 dxc4 15. Bxb7 Qxb7 16. Qxc4 Rac8 17. Rac1 Nd7 18. Qf4 Qb5 19. Nc3 Qb7 20. Qe4 Qxe4 21. Nxe4 Rfd8 22. Nxc5 Nxc5 23. Rxd8+ Rxd8 24. Bxc5 Rc8 25. Be3 Rxc1+ 26. Bxc1 Bc5 27. Be3 Bxe3 28. fxe3 Kf8 29. Kf1 Ke7 30. Ke1 Kd6 31. Kd2 Kc5 32. Kc3 a5 33. a3 e5 34. e4 f6 35. b4+ axb4+ 36. axb4+ Kb5 37. Kb3 g6 38. g4 h6 39. h3 g5 40. e3 1-0


[Site "https://www.chess.com"]

[Event "Titled Tuesday Blitz July 11 Early 2023"]
[White "Noguera Da Almeida, Beatriz Elvira"]
[Black "Osmak, Yuliia"]
[WhiteFideId "3901734"]
[BlackFideId "14101602"]
[WhiteElo "1741"]
[BlackElo "2517"]
[Result "0-1"]
[Round "1"]
[TimeControl "180+2"]
[Date "2023.07.11"]
[WhiteClock "0:00:51"]
[BlackClock "0:02:17"]
[Board "231"]

1. e4 c5 2. Nc3 d6 3. f4 a6 4. a4 Nc6 5. Bc4 Nf6 6. d3 e6 7. Nf3 d5 8. Ba2 dxe4 9. dxe4 Qxd1+ 10. Kxd1 Bd7 11. Ke2 Nd4+ 12. Nxd4 cxd4 13. Nd1 Nxe4 14. Re1 Bc6 15. Nf2 Bb4 16. Rd1 O-O-O 17. Nxe4 Bxe4 0-1


[Site "https://www.chess.com"]

[Event "Titled Tuesday Blitz July 11 Early 2023"]
[White "Nakamura, Hikaru"]
[Black "Pinheiro, Iung Alicio de O."]
[WhiteFideId "2016192"]
[BlackFideId "2104350"]
[WhiteElo "3226"]
[BlackElo "2602"]
[Result "1-0"]
[Round "2"]
[TimeControl "180+2"]
[Date "2023.07.11"]
[WhiteClock "0:01:03"]
[BlackClock "0:00:00"]
[Board "1"]

1. a3 d5 2. e3 Nf6 3. c4 c6 4. b4 Bf5 5. Bb2 e6 6. Nf3 h6 7. Nc3 Nbd7 8. d4 Be7 9. Bd3 Bxd3 10. Qxd3 O-O 11. c5 Qc7 12. Rc1 Rfe8 13. O-O Bf8 14. Qb1 e5 15. dxe5 Nxe5 16. Nxe5 Rxe5 17. Ne2 Re6 18. Nf4 Re4 19. Bxf6 gxf6 20. Nh5 Bg7 21. Ng3 Re5 22. Nf5 Qd7 23. g4 Bf8 24. Rcd1 Rae8 25. Rd4 Re4 26. Rfd1 Qe6 27. h3 b6 28. Qc2 bxc5 29. bxc5 Re5 30. Rb1 h5 31. Kg2 Re4 32. Rbb4 hxg4 33. hxg4 Qe5 34. Ng3 Rxd4 35. Rxd4 Qe7 36. Nh5 Bg7 37. Rb4 Qe6 38. Qf5 Qxf5 39. gxf5 Re5 40. Rg4 Rxf5 41. Nxg7 Re5 42. f4 Re4 43. Nf5+ Kf8 44. Rh4 Kg8 45. Kf3 Ra4 46. Rg4+ Kf8 47. Rh4 Kg8 48. Ne7+ Kf8 49. Nxc6 Rxa3 50. Nd4 Rc3 51. c6 Ke7 52. Rh8 a5 53. Ra8 Rc5 54. Ra7+ 1-0


[Site "https://www.chess.com"]

[Event "Titled Tuesday Blitz July 11 Early 2023"]
[White "Shukhman, Anna"]
[Black "Erigaisi Arjun"]
[WhiteFideId "54180058"]
[BlackFideId "35009192"]
[WhiteElo "2601"]
[BlackElo "3113"]
[Result "0-1"]
[Round "2"]
[TimeControl "180+2"]
[Date "2023.07.11"]
[WhiteClock "0:00:05"]
[BlackClock "0:00:15"]
[Board "2"]

1. e4 c6 2. d4 d5 3. f3 g6 4. Nc3 Bg7 5. Be3 Qb6 6. Qd2 Qxb2 7. Rb1 Qa3 8. h4 Nf6 9. e5 Nfd7 10. h5 Nb6 11. Nh3 Bxh3 12. Rxh3 N8d7 13. e6 fxe6 14. hxg6 hxg6 15. Rxh8+ Bxh8 16. Qd3 O-O-O 17. Rb3 Qd6 18. Qxg6 e5 19. Qxd6 exd6 20. Ne2 Nc4 21. Bf2 exd4 22. Nxd4 Re8+ 23. Kd1 Nc5 24. Bxc4 dxc4 25. Re3 Rg8 26. Nf5 Rxg2 27. Re8+ Kd7 28. Re7+ Kd8 29. Bxc5 dxc5 30. Rxb7 Bc3 31. Ne3 Rd2+ 32. Kc1 Rf2 33. Nd1 Bd2+ 34. Kb2 Rxf3 35. c3 Bf4 36. Rxa7 Rd3 37. Rf7 Rd2+ 38. Ka3 Bg5 39. Rf5 Rg2 40. Rxg5 Rxg5 41. Kb2 Rg2+ 42. Kb1 Rg3 43. Kc2 Kc7 44. Nb2 Rg2+ 45. Kc1 Rg4 46. Kc2 Kd6 47. a4 Kd5 48. a5 Rg2+ 49. Kc1 Rg7 50. Na4 Ra7 51. Nb6+ Ke4 52. Nxc4 Kd3 53. Ne5+ Kxc3 54. Nxc6 Ra6 55. Ne7 Rxa5 56. Nd5+ Kb3 57. Ne3 c4 58. Nd1 c3 59. Kb1 c2+ 60. Kc1 Ra1+ 61. Kd2 cxd1=Q+ 62. Ke3 Ra4 0-1


[Site "https://www.chess.com"]

[Event "Titled Tuesday Blitz July 11 Early 2023"]
[White "Firouzja, Alireza"]
[Black "Nefedov, Sergey"]
[WhiteFideId "12573981"]
[BlackFideId "24113417"]
[WhiteElo "3089"]
[BlackElo "2600"]
[Result "1-0"]
[Round "2"]
[TimeControl "180+2"]
[Date "2023.07.11"]
[WhiteClock "0:02:26"]
[BlackClock "0:00:00"]
[Board "3"]

1. d4 d5 2. Bg5 c6 3. Nf3 Qb6 4. Qc1 Bf5 5. c4 e6 6. Nc3 Nd7 7. e3 Be7 8. Bxe7 Nxe7 9. Be2 O-O 10. O-O Rac8 11. b3 Rfd8 12. Qa3 c5 13. cxd5 Nxd5 14. Nxd5 exd5 15. Rac1 Be4 16. dxc5 Nxc5 17. Nd4 a6 18. Bg4 Rc7 19. Rc3 Nd3 20. Rxc7 Qxc7 21. Be2 Rc8 22. Bxd3 Bxd3 23. Rd1 Be4 24. Qb2 h6 25. Qd2 Qc3 26. Qxc3 Rxc3 27. f3 Bg6 28. Kf2 Kf8 29. Rd2 Ke7 30. Ne2 Rc5 31. Nf4 Kd6 32. e4 d4 33. Rxd4+ Ke5 34. Ke3 Rc2 35. Rd2 Rxd2 36. Nxg6+ fxg6 37. Kxd2 Kd4 38. h4 g5 39. hxg5 hxg5 40. Ke2 g4 41. Kf2 gxf3 42. gxf3 Ke5 43. Kg3 b5 44. Kg4 Kf6 45. f4 b4 46. e5+ Ke6 47. Kg5 Kf7 48. f5 a5 49. e6+ Ke7 50. Kg6 Kf8 51. e7+ Kxe7 52. Kxg7 1-0


[Site "https://www.chess.com"]

[Event "Titled Tuesday Blitz July 11 Early 2023"]
[White "Krallis, Christos"]
[Black "Dubov, Daniil"]
[WhiteFideId "4298896"]
[BlackFideId "24126055"]
[WhiteElo "2596"]
[BlackElo "3079"]
[Result "0-1"]
[Round "2"]
[TimeControl "180+2"]
[Date "2023.07.11"]
[WhiteClock "0:00:03"]
[BlackClock "0:01:31"]
[Board "4"]

1. d4 d5 2. c4 e6 3. Nf3 Nf6 4. Nc3 Nbd7 5. cxd5 exd5 6. Bf4 c6 7. e3 Nh5 8. Bg5 Be7 9. Bxe7 Qxe7 10. Bd3 Nf4 11. O-O Nxd3 12. Qxd3 O-O 13. a3 Nb6 14. Nd2 Qf6 15. b4 Bf5 16. Qe2 a6 17. Qf3 Qg6 18. Qg3 Qxg3 19. hxg3 Nc8 20. f3 h5 21. e4 dxe4 22. fxe4 Bg6 23. Nc4 f6 24. Na5 Nd6 25. e5 Nf5 26. exf6 Nxg3 27. Rf3 h4 28. Nxb7 Rae8 29. d5 cxd5 30. Nxd5 Be4 31. f7+ Rxf7 32. Rxf7 Bxd5 33. Rd7 Ne2+ 34. Kf2 Nf4 35. Rxd5 Nxd5 36. Nc5 g5 37. Nxa6 g4 38. b5 Nf4 39. b6 Re2+ 40. Kf1 h3 41. gxh3 g3 42. b7 g2+ 43. Kg1 Nxh3+ 44. Kh2 g1=Q+ 45. Kxh3 Rh2# 0-1


[Site "https://www.chess.com"]

[Event "Titled Tuesday Blitz July 11 Early 2023"]
[White "Bluebaum, Matthias"]
[Black "Zavgorodniy, Sergiy"]
[WhiteFideId "24651516"]
[BlackFideId "14110148"]
[WhiteElo "3054"]
[BlackElo "2595"]
[Result "1-0"]
[Round "2"]
[TimeControl "180+2"]
[Date "2023.07.11"]
[WhiteClock "0:01:14"]
[BlackClock "0:00:06"]
[Board "5"]

1. d4 Nf6 2. c4 e6 3. Nc3 Bb4 4. e3 b6 5. Bd3 Bb7 6. Nf3 Ne4 7. O-O Bxc3 8. bxc3 O-O 9. Ne1 f5 10. f3 Ng5 11. a4 Nc6 12. c5 Qe7 13. Ba3 d6 14. cxd6 cxd6 15. c4 Rac8 16. Rc1 Kh8 17. Qe2 e5 18. d5 Na5 19. f4 Ne4 20. fxe5 Qxe5 21. Nf3 Qe7 22. Nd4 g6 23. Ne6 Rf7 24. Bxe4 fxe4 25. Rxf7 Qxf7 26. Rf1 Qe7 27. Bb2+ Kg8 28. Bf6 Qd7 29. Ba1 Nb3 30. Qb2 Nxa1 31. Qf6 1-0


[Site "https://www.chess.com"]

[Event "Titled Tuesday Blitz July 11 Early 2023"]
[White "Weishaeutel, Moritz"]
[Black "Narayanan.S.L"]
[WhiteFideId "12967300"]
[BlackFideId "5058422"]
[WhiteElo "2592"]
[BlackElo "3036"]
[Result "0-1"]
[Round "2"]
[TimeControl "180+2"]
[Date "2023.07.11"]
[WhiteClock "0:00:00"]
[BlackClock "0:02:46"]
[Board "6"]

1. e4 b6 2. d4 Bb7 3. Bd3 e6 4. Nf3 d5 5. exd5 Qxd5 6. O-O Qh5 7. Ne5 Qxd1 8. Rxd1 Nf6 9. Bb5+ c6 10. Ba4 b5 11. Bb3 Nbd7 12. Nxd7 Nxd7 13. Nc3 a6 14. Bf4 c5 15. dxc5 Nxc5 16. Bd6 Bxd6 17. Rxd6 Ke7 18. Rad1 Rhd8 19. Rxd8 Rxd8 20. Rxd8 Kxd8 21. f3 Kc7 22. Kf2 Kb6 23. Ne2 a5 24. c3 Nd3+ 25. Ke3 Nxb2 26. Kd4 a4 27. Bc2 Nc4 28. Bxh7 e5+ 29. Kd3 Kc5 30. Ng3 g6 31. h4 Bd5 32. h5 gxh5 33. Nxh5 a3 34. Kc2 Ne3+ 35. Kb1 Nxg2 36. Bg8 Bxf3 37. Bxf7 e4 38. Ng3 e3 39. Bb3 e2 40. Nxe2 Bxe2 41. Ka1 Bc4 42. Bc2 Ne3 43. Bh7 Be2 44. Kb1 Kc4 45. Ka1 Kxc3 46. Be4 Bd3 0-1


[Site "https://www.chess.com"]

[Event "Titled Tuesday Blitz July 11 Early 2023"]
[White "Movahed, Sina"]
[Black "Safin, Robert"]
[WhiteFideId "42520835"]
[BlackFideId "34189120"]
[WhiteElo "3023"]
[BlackElo "2590"]
[Result "1-0"]
[Round "2"]
[TimeControl "180+2"]
[Date "2023.07.11"]
[WhiteClock "0:00:55"]
[BlackClock "0:00:00"]
[Board "7"]

1. e4 e6 2. d4 d5 3. e5 Bd7 4. Nf3 a6 5. Nc3 c5 6. Be3 Qb6 7. Qd2 Nh6 8. Bd3 c4 9. Be2 Qxb2 10. Rb1 Qa3 11. O-O b5 12. Nd1 Nc6 13. Bxh6 gxh6 14. Ne3 O-O-O 15. c3 h5 16. Ng5 Qe7 17. f4 h6 18. Nf3 Bg7 19. f5 f6 20. exf6 Bxf6 21. Rbe1 Rhf8 22. a4 b4 23. Nxc4 dxc4 24. Bxc4 bxc3 25. Qxc3 e5 26. dxe5 Qc5+ 27. Kh1 Bg5 28. Bxa6+ 1-0


[Site "https://www.chess.com"]

[Event "Titled Tuesday Blitz July 11 Early 2023"]
[White "Arat, Ufuk Sezen"]
[Black "Kollars, Dmitrij"]
[WhiteFideId "6309089"]
[BlackFideId "12909572"]
[WhiteElo "2589"]
[BlackElo "3009"]
[Result "0-1"]
[Round "2"]
[TimeControl "180+2"]
[Date "2023.07.11"]
[WhiteClock "0:00:06"]
[BlackClock "0:00:09"]
[Board "8"]

1. e4 c6 2. d4 d5 3. e5 c5 4. dxc5 e6 5. Nf3 Bxc5 6. a3 Nd7 7. Bd3 f6 8. Qe2 fxe5 9. Nxe5 Nxe5 10. Qxe5 Nf6 11. O-O O-O 12. Bg5 Qb6 13. Nc3 Ng4 14. Qe2 Nxf2 15. b4 Nxd3+ 16. bxc5 Qxc5+ 17. Be3 Qxc3 18. Rxf8+ Kxf8 19. Rf1+ Kg8 20. Qh5 g6 21. Qf3 Qg7 22. Bh6 Qd4+ 23. Kh1 Nf4 24. Bxf4 Qf6 25. Qe2 Bd7 26. Bh6 Qh4 27. Qe3 Re8 28. Bg5 Qe4 29. Qc3 d4 30. Qc7 Qd5 31. Qf4 e5 32. Qf6 Bc6 33. Rf2 Qe6 34. h4 Qxf6 35. Bxf6 Re6 36. Kg1 Be4 37. Bg5 Bf5 38. Rd2 h5 39. Kf2 Rc6 40. Ke2 Kf7 41. Kd1 Ke6 42. Kc1 Kd5 43. Kb2 Rc4 44. Kb3 b5 45. Kb2 a5 46. Re2 e4 47. Bf6 e3 48. Bg7 Ke4 49. Bf6 d3 50. cxd3+ Kxd3 51. Re1 Rc2+ 52. Kb3 Be6# 0-1


[Site "https://www.chess.com"]

[Event "Titled Tuesday Blitz July 11 Early 2023"]
[White "Deac, Bogdan-Daniel"]
[Black "ATM622"]
[WhiteFideId "1226380"]
[WhiteElo "2995"]
[BlackElo "2588"]
[Result "1-0"]
[Round "2"]
[TimeControl "180+2"]
[Date "2023.07.11"]
[WhiteClock "0:00:02"]
[BlackClock "0:01:14"]
[Board "9"]

1. b3 d5 2. Bb2 c5 3. e3 Nc6 4. Bb5 Nf6 5. Nf3 Bf5 6. Ne5 Qc7 7. Bxc6+ bxc6 8. d3 e6 9. g4 Bg6 10. Nd2 Bd6 11. f4 h5 12. Nxg6 fxg6 13. g5 Ng4 14. Qe2 d4 15. exd4 Bxf4 16. O-O-O Ne3 17. Rde1 O-O-O 18. dxc5 e5 19. Kb1 Qd7 20. Ne4 Kb8 21. Nd6 Rhf8 22. h4 Nf5 23. Bxe5 Ng3 24. Qg2 Bxe5 25. Rxe5 Nxh1 26. Qxh1 Rf4 27. Qe1 Rdf8 28. Kb2 Rf1 29. Qb4+ Ka8 30. Re4 Rb8 31. Qd4 Rh1 32. Qe5 Rf8 33. Rb4 Rb8 34. Re4 Rf1 35. Rd4 Rh1 36. Rf4 Rg1 37. Rf7 Qg4 38. Qxg7 Qd4+ 39. Qxd4 1-0


[Site "https://www.chess.com"]

[Event "Titled Tuesday Blitz July 11 Early 2023"]
[White "Altman, Joshua"]
[Black "He, Anthony"]
[WhiteFideId "426210"]
[BlackFideId "2088215"]
[WhiteElo "2587"]
[BlackElo "2992"]
[Result "0-1"]
[Round "2"]
[TimeControl "180+2"]
[Date "2023.07.11"]
[WhiteClock "0:01:00"]
[BlackClock "0:01:08"]
[Board "10"]

1. d4 Nf6 2. c4 b6 3. Nf3 Bb7 4. g3 g6 5. Bg2 Bg7 6. O-O O-O 7. Nc3 d5 8. Ne5 e6 9. Qc2 a6 10. Bf4 Nbd7 11. Rad1 c6 12. e4 Rc8 13. Qe2 Re8 14. Rfe1 Nh5 15. exd5 Nxf4 16. gxf4 exd5 17. cxd5 cxd5 18. Nxd5 f6 19. Nxf6+ Nxf6 20. Bxb7 Rc7 21. Bxa6 Bh6 22. Bc4+ Kg7 23. Qf3 Rce7 24. Re3 Qc8 25. Rde1 Nh5 26. Nf7 Rxe3 27. Rxe3 Qxc4 28. Rxe8 Qc1+ 29. Kg2 Nxf4+ 30. Kg3 Qg1+ 31. Kh4 g5+ 32. Nxg5 Qxg5# 0-1


[Site "https://www.chess.com"]

[Event "Titled Tuesday Blitz July 11 Early 2023"]
[White "Terry, Renato"]
[Black "Lana Rodriguez, David"]
[WhiteFideId "3803457"]
[BlackFideId "2270803"]
[WhiteElo "2987"]
[BlackElo "2586"]
[Result "1-0"]
[Round "2"]
[TimeControl "180+2"]
[Date "2023.07.11"]
[WhiteClock "0:01:07"]
[BlackClock "0:00:26"]
[Board "11"]

1. e4 e6 2. d4 d5 3. exd5 exd5 4. Nf3 Nc6 5. Bb5 Nf6 6. O-O Be7 7. Ne5 Bd7 8. Nxd7 Qxd7 9. c3 a6 10. Bd3 O-O 11. Qf3 Qg4 12. Qxg4 Nxg4 13. Bf4 Bd6 14. Bxd6 cxd6 15. Nd2 Rfe8 16. Rfe1 Nf6 17. f3 Rxe1+ 18. Rxe1 Re8 19. Rd1 h6 20. Kf2 Kf8 21. Nf1 Na5 22. Ne3 g6 23. h4 h5 24. g3 Re7 25. a4 Nc6 26. Ng2 Nd8 27. Nf4 Ne6 28. Nh3 Ke8 29. a5 Kd7 30. Ra1 Nd8 31. Nf4 Ne6 32. Ng2 Nd8 33. Ne3 Nc6 34. Bc2 Re8 35. Bb3 Ne7 36. Ra4 Rb8 37. Bc2 Kc6 38. Bd3 Kc7 39. Ra1 Kc6 40. Re1 Kd7 41. Kg2 Re8 42. Ra1 Rc8 43. g4 hxg4 44. fxg4 Rh8 45. Rh1 Nc6 46. g5 Nh5 47. Nxd5 Nxa5 48. Rf1 Rf8 49. Bxg6 Ke6 50. Bxh5 Kxd5 51. Bxf7+ 1-0


[Site "https://www.chess.com"]

[Event "Titled Tuesday Blitz July 11 Early 2023"]
[White "Borgaonkar Akshay"]
[Black "Oparin, Grigoriy"]
[WhiteFideId "25639110"]
[BlackFideId "24125890"]
[WhiteElo "2586"]
[BlackElo "2962"]
[Result "1-0"]
[Round "2"]
[TimeControl "180+2"]
[Date "2023.07.11"]
[WhiteClock "0:00:06"]
[BlackClock "0:00:05"]
[Board "12"]

1. e4 c5 2. Nf3 Nc6 3. b4 cxb4 4. d4 d5 5. exd5 Qxd5 6. c4 Qa5 7. d5 b3+ 8. Bd2 b2 9. Bxa5 bxa1=Q 10. dxc6 Bf5 11. cxb7 Rb8 12. c5 Bd7 13. Bc4 Qb2 14. O-O e6 15. c6 Bxc6 16. Bc7 Qxb7 17. Bxb8 Qxb8 18. Re1 Nf6 19. Bxe6 fxe6 20. Rxe6+ Be7 21. Rxc6 O-O 22. Nc3 Rd8 23. Qb3+ Qxb3 24. axb3 Rb8 25. Nd4 Bb4 26. h3 Rd8 27. Ne6 Rd3 28. Nb5 a5 29. Ng5 Rxb3 30. Rc8+ Bf8 31. Nd4 Rb1+ 32. Kh2 Nd7 33. Nge6 Re1 34. Ra8 g6 35. Rxa5 Kf7 36. Ng5+ Kg7 37. Nde6+ Kf6 38. Nxf8 Nxf8 39. Nf3 Rf1 40. Ra6+ Kg7 41. Kg3 Rd1 42. Ra7+ Kg8 43. Kf4 Nd7 44. Kg5 Rd5+ 45. Kf4 Nf6 46. Ra8+ Kg7 47. Ra7+ Kh6 48. Kg3 Nh5+ 49. Kh2 Rb5 50. g4 Ng7 51. g5+ Kh5 52. Rxg7 h6 53. Rh7 Rxg5 54. Nxg5 Kxg5 55. f4+ Kh5 56. Kg3 g5 57. fxg5 Kxg5 58. Ra7 Kg6 59. Ra5 1-0


[Site "https://www.chess.com"]

[Event "Titled Tuesday Blitz July 11 Early 2023"]
[White "Svane, Rasmus"]
[Black "Tologon tegin, Semetei"]
[WhiteFideId "4657101"]
[BlackFideId "13800574"]
[WhiteElo "2961"]
[BlackElo "2586"]
[Result "1-0"]
[Round "2"]
[TimeControl "180+2"]
[Date "2023.07.11"]
[WhiteClock "0:00:09"]
[BlackClock "0:00:00"]
[Board "13"]

1. Nf3 g6 2. e4 Bg7 3. d4 d6 4. Bd3 Nf6 5. O-O O-O 6. h3 Nc6 7. Re1 e5 8. c3 a6 9. Nbd2 Re8 10. Nf1 b6 11. Ng3 Bb7 12. Bd2 h6 13. Qc2 Qd7 14. Rad1 Rad8 15. a3 Qc8 16. b4 Qa8 17. d5 Ne7 18. c4 Nd7 19. Be3 c5 20. dxc6 Bxc6 21. Be2 Qb8 22. Nd2 Nf8 23. b5 axb5 24. cxb5 Ba8 25. Bf3 d5 26. exd5 Nxd5 27. Bxd5 Rxd5 28. a4 Rc8 29. Qb3 Ne6 30. Nc4 Nd4 31. Bxd4 Rxd4 32. Rxd4 exd4 33. Nd2 Rc3 34. Qb4 Qb7 35. Nf3 Rxf3 36. gxf3 Qxf3 37. Re8+ Kh7 38. Kf1 d3 39. Ke1 Qg2 40. Rxa8 Qxa8 41. Qe4 Qd8 42. Kd2 Qd6 43. h4 Qc5 44. Kxd3 Qxf2 45. Ne2 Qc5 46. Qc4 Qa3+ 47. Kd2 Qb2+ 48. Ke3 Qe5+ 49. Kd3 Qd6+ 50. Kc2 Qa3 51. Qb3 Qc5+ 52. Kd3 h5 53. Qc4 Qe5 54. Nf4 Qf5+ 55. Qe4 Qg4 56. Nd5 Qh3+ 57. Kc4 Qa3 58. Nxb6 Qd6 59. Nd5 Bf8 60. b6 Qc6+ 61. Kb3 Bg7 62. Qc4 Qe6 63. a5 Qh3+ 64. Ka4 Qd7+ 65. Kb3 Qh3+ 66. Kb4 Bf8+ 67. Kb5 Qd7+ 68. Qc6 Qh3 69. b7 Qd3+ 70. Qc4 Qb1+ 71. Kc6 Qf5 72. b8=Q Qe6+ 73. Kb5 Qd7+ 74. Qc6 1-0


[Site "https://www.chess.com"]

[Event "Titled Tuesday Blitz July 11 Early 2023"]
[White "Geivondian, Arman"]
[Black "Bok, Benjamin"]
[WhiteFideId "24102032"]
[BlackFideId "1017063"]
[WhiteElo "2584"]
[BlackElo "2955"]
[Result "0-1"]
[Round "2"]
[TimeControl "180+2"]
[Date "2023.07.11"]
[WhiteClock "0:01:09"]
[BlackClock "0:00:11"]
[Board "14"]

1. e4 c5 2. Nf3 d6 3. Bb5+ Nd7 4. d4 cxd4 5. Qxd4 a6 6. Bxd7+ Bxd7 7. c4 Nf6 8. Bg5 e6 9. Bxf6 Qxf6 10. Qxf6 gxf6 11. Nc3 Rc8 12. Nd2 Bh6 13. b3 b5 14. Ne2 Ke7 15. Rc1 bxc4 16. Rxc4 Bb5 17. Rxc8 Rxc8 18. a4 Bd3 19. f4 Rc2 20. Rf1 f5 21. exf5 Bxf5 22. Rf3 Bg4 23. Rc3 Rxc3 24. Nxc3 Bxf4 25. h3 Bf5 26. Ke2 d5 27. Nf3 Kd6 28. Nd4 Bg6 29. Kf3 e5 30. Nde2 Bd2 31. b4 e4+ 32. Kf2 d4 33. Nd1 d3 34. Ng3 Bxb4 35. Ke3 Ke5 36. Nf1 f5 37. g3 Bc5+ 38. Kd2 f4 39. gxf4+ Kxf4 40. Nde3 Bf7 41. Ng2+ Kf3 42. Nfe3 Kf2 43. h4 h5 44. a5 Be8 45. Nf4 Bxe3+ 46. Kd1 Ba4# 0-1


[Site "https://www.chess.com"]

[Event "Titled Tuesday Blitz July 11 Early 2023"]
[White "Shohat, Yotam"]
[Black "Pranav, V"]
[WhiteFideId "2813955"]
[BlackFideId "25060783"]
[WhiteElo "2580"]
[BlackElo "2951"]
[Result "1-0"]
[Round "2"]
[TimeControl "180+2"]
[Date "2023.07.11"]
[WhiteClock "0:00:03"]
[BlackClock "0:00:52"]
[Board "15"]

1. e4 c6 2. c4 e5 3. Nf3 d6 4. d4 exd4 5. Qxd4 Nf6 6. Nc3 Be7 7. Bf4 O-O 8. O-O-O Qa5 9. Bxd6 c5 10. Qe3 Bxd6 11. Rxd6 Nc6 12. Rxf6 gxf6 13. Nd5 Kg7 14. Kb1 Re8 15. Be2 Nb4 16. Nc3 Bf5 17. a3 Bg6 18. Nh4 Nc6 19. f4 Nd4 20. Bd3 Rad8 21. Rf1 f5 22. e5 b5 23. g4 bxc4 24. Bxf5 Rb8 25. Bxg6 hxg6 26. f5 Qxa3 27. f6+ Kg8 28. Rf2 Qa1+ 29. Kxa1 Nc2+ 30. Rxc2 1-0


[Site "https://www.chess.com"]

[Event "Titled Tuesday Blitz July 11 Early 2023"]
[White "Andreev, Konstantin"]
[Black "Chigaev, Maksim"]
[WhiteFideId "24239305"]
[BlackFideId "4108116"]
[WhiteElo "2579"]
[BlackElo "2937"]
[Result "0-1"]
[Round "2"]
[TimeControl "180+2"]
[Date "2023.07.11"]
[WhiteClock "0:00:09"]
[BlackClock "0:00:46"]
[Board "16"]

1. e4 c5 2. Nf3 d6 3. d4 cxd4 4. Nxd4 Nf6 5. Nc3 a6 6. h4 h6 7. Be3 e5 8. Nb3 Be6 9. f3 h5 10. Qd2 Nbd7 11. O-O-O Rc8 12. Kb1 Be7 13. Be2 Qc7 14. Nd5 Nxd5 15. exd5 Bxd5 16. Bd3 Be6 17. f4 f5 18. Be2 Nf6 19. Bf3 Ng4 20. Bxg4 hxg4 21. fxe5 dxe5 22. Bg5 O-O 23. Bxe7 Qxe7 24. h5 Rfd8 25. Qe3 Qf6 26. h6 Rxd1+ 27. Rxd1 gxh6 28. Qb6 Qe7 29. Rd6 Bf7 30. Rxh6 Qd8 31. Qf2 Qd1+ 32. Nc1 Rxc2 33. Rh8+ Kg7 34. Rh7+ Kxh7 35. Qxf5+ Bg6 36. Qd7+ Qxd7 0-1


[Site "https://www.chess.com"]

[Event "Titled Tuesday Blitz July 11 Early 2023"]
[White "Manukyan, Artyom"]
[Black "Aravindh, Chithambaram VR."]
[WhiteFideId "13305786"]
[BlackFideId "5072786"]
[WhiteElo "2579"]
[BlackElo "2926"]
[Result "0-1"]
[Round "2"]
[TimeControl "180+2"]
[Date "2023.07.11"]
[WhiteClock "0:00:03"]
[BlackClock "0:00:06"]
[Board "17"]

1. e4 c6 2. d4 d5 3. exd5 cxd5 4. Bd3 Nc6 5. c3 e6 6. Nf3 Bd6 7. O-O Nge7 8. Re1 Qc7 9. Bg5 f6 10. Bh4 h5 11. Bg3 e5 12. dxe5 fxe5 13. c4 Bg4 14. cxd5 Nd4 15. Be4 h4 16. Bxe5 Bxe5 17. Nc3 h3 18. Qa4+ Bd7 19. Qb4 Nxf3+ 20. Bxf3 Bxh2+ 21. Kf1 hxg2+ 22. Kxg2 Bd6 23. Qe4 Bh3+ 24. Kg1 a6 25. Rac1 Qd7 26. Ne2 Qf5 27. Qa4+ b5 28. Qe4 Qg5+ 29. Ng3 Bxg3 30. fxg3 Qxg3+ 31. Bg2 Qxg2+ 32. Qxg2 Bxg2 33. Kxg2 Kd7 34. d6 Nc6 0-1


[Site "https://www.chess.com"]